 Dungeon Sprint DCSS version 0.21.1-1-g345015f (webtiles) character file.

13093 equalderp2856 the Severer (level 11, -39/113 (114) HPs)
             Began as a Minotaur Fighter on May 24, 2018.
             Was an Initiate of Gozag.
             Killed from afar by Lom Lobon (71 damage)
             ... with a great icy blast
             ... in the Dungeon (Sprint I: "Red Sonja").
             The game lasted 00:30:02 (8165 turns).

equalderp2856 the Severer (Minotaur Fighter)        Turns: 8165, Time: 00:30:03

HP:   -39/113 (114) AC: 16    Str: 22    XL:     11   Next: 71%
MP:   1/1           EV: 14    Int:  6    God:    Gozag
Gold: 2387          SH: 16    Dex: 11    Spells: 10/10 levels left

rFire    + + .     SeeInvis +   A - +2 war axe "Orb Guardian's Doom" {chop, rElec rPois MP-9 SInv}
rCold    + . .     Gourm    .   c - +0 shield
rNeg     . . .     Faith    .   z - +4 ring mail {MR+}
rPois    +         Spirit   .   x - +1 hat
rElec    +         Reflect  +   y - +2 cloak
rCorr    +         Harm     .   (no gloves)
MR       +....     NoTele   +   (no boots)
Stlth    +++.......             w - +2 amulet of reflection
HPRegen  0.28/turn              v - ring of protection from fire
MPRegen  0.07/turn              (no ring)

@: resistant, gold aura, flying, heavily drained, bribing [the Dungeon]
A: retaliatory headbutt, horns 2
a: Potion Petition, Call Merchant, Bribe Branch, Renounce Religion


You were in the Dungeon.
You worshipped Gozag.
Gozag was most pleased with you.
You were near starving.

You visited 1 branch You collected 9824 gold pieces.
You spent 2368 gold pieces at shops.
You paid 5069 gold pieces to Gozag.

Inventory:

Hand Weapons
 a - a +0 war axe
 h - the +3 hand axe of Qubry {chop, Int+6 SInv}
   (You found it in the Dungeon)

   It inflicts extra damage upon your enemies.
   It affects your intelligence (+6).
   It lets you see invisible.
 A - the +2 war axe "Orb Guardian's Doom" (weapon) {chop, rElec rPois MP-9 SInv}
   (You bought it in a shop in the Dungeon)

   It inflicts extra damage upon your enemies.
   It insulates you from electricity.
   It protects you from poison.
   It affects your magic capacity (-9).
   It lets you see invisible.
Armour
 b - a +0 scale mail
 c - a +0 shield (worn)
 x - a +1 hat (worn)
 y - a +2 cloak (worn)
 z - a +4 ring mail of magic resistance (worn)
Jewellery
 v - a ring of protection from fire (left hand)
 w - a +2 amulet of reflection (around neck)
 C - an uncursed ring of see invisible {unknown}
Wands
 u - a wand of digging (7)
Scrolls
 g - 2 scrolls of identify
 l - a scroll of magic mapping
 m - a scroll of enchant weapon {unknown}
 s - a scroll of enchant armour {unknown}
Potions
 d - a potion of might
 e - a potion of heal wounds
 i - 2 potions of magic
 j - a potion of berserk rage
 p - a potion of degeneration {unknown}
 q - a potion of brilliance {unknown}
 r - a potion of curing
Books
 k - a book of Unlife

   Spells                             Type                      Level
   a - Recall                         Summoning/Translocation      3
   b - Animate Dead                   Necromancy                   4
   c - Borgnjor's Vile Clutch         Necromancy/Earth             5
   d - Death Channel                  Necromancy                   6
   e - Simulacrum                     Ice/Necromancy               6
 n - a book of Necromancy

   Spells                             Type                      Level
   a - Pain                           Necromancy                   1
   b - Animate Skeleton               Necromancy                   1
   c - Vampiric Draining              Necromancy                   3
   d - Regeneration                   Charms/Necromancy            3
   e - Animate Dead                   Necromancy                   4
   f - Borgnjor's Vile Clutch         Necromancy/Earth             5
 o - a Grand Grimoire

   Spells                             Type                      Level
   a - Monstrous Menagerie            Summoning                    7
   b - Summon Greater Demon           Summoning                    7
   c - Malign Gateway                 Summoning/Translocation      7
   d - Summon Horrible Things         Summoning                    8
 B - the Compendium of Torrid Venom
   (You found it in the Dungeon)

   Spells                             Type                      Level
   a - Throw Flame                    Conjuration/Fire             2
   b - Sticky Flame                   Conjuration/Fire             4
   c - Venom Bolt                     Conjuration/Poison           5
   d - Alistair's Intoxication        Transmutation/Poison         5
Miscellaneous
 t - a lamp of fire (inert)
Comestibles
 f - a ration


   Skills:
 + Level 16.0(14.4) Fighting
 + Level 17.2(15.6) Axes
 + Level 14.3(12.7) Armour
 + Level 7.6(6.3) Dodging
 + Level 8.5(7.1) Stealth
 + Level 16.4(14.8) Shields
 + Level 0.1(0.0) Evocations


You had 10 spell levels left.
You didn't know any spells.

Dungeon Overview and Level Annotations

Branches:
Dungeon (1/1)

Altars:
Cheibriados
Dithmenos
Elyvilon
Fedhas
Gozag
Hepliaklqana
Kikubaaqudgha
Makhleb
Nemelex Xobeh
Okawaru
Qazlal
Ru
Sif Muna
Trog
Uskayaw
Vehumet
Wu Jian
Xom
Yredelemnul
Zin
The Shining One
Jiyva
Lugonu

Shops:
D ==:?=(}:}%**([[}

Annotations:
D Lom Lobon


Innate Abilities, Weirdness & Mutations

You reflexively headbutt those who attack you in melee.
You have a pair of horns on your head.


Message History

The ball lightning completely resists.
The blast of lightning engulfs the ball lightning.
The ball lightning completely resists.
The blast of lightning engulfs Lom Lobon.
Lom Lobon completely resists.
The blast of lightning engulfs the ball lightning.
The ball lightning completely resists.
The great icy blast engulfs the ball lightning.
The ball lightning partially resists.
The ball lightning explodes!
The blast of lightning engulfs the ball lightning.
The ball lightning completely resists.
The blast of lightning engulfs the ball lightning.
The ball lightning completely resists.
The blast of lightning engulfs the ball lightning.
The ball lightning completely resists.
The great icy blast engulfs you! You partially resist.
Ouch! That really hurt!
You die...
Your body crumbles into a pile of gold.

.)≈###§##$$$#....#
..≈$)#.####§#....#
..≈.##+#..§§##...#
..≈##...§§.§§##§.#
..≈#...§§§§§..#§§#
..##..§D§.§§§.##.#
..#..§§..}$.§..#)#
..#....§}......#.#
..##..........##@#
#'##$$$$$$$$$$#§§#
≈≈≈##$$$$$$$$##§§#
≈≈≈≈##(.($.(##§§§#
≈≈≈≈≈########&**§#
#≈≈≈)#≈≈§§§#§§§§*#
#'≈$$'≈≈.§§§§§§§§#
$##≈≈#≈≈§§≈#§§§§§#
$$######§#####*§§#


You could see Lom Lobon and 3 ball lightnings.

Vanquished Creatures
  2 centaur warriors (D)
  Sonja (D)
  7 unseen horrors (D)
  A deep troll (D)
  A lindwurm (D)
  An oklob plant (D)
  A merfolk siren (D)
  A gargoyle (D)
  2 kobold demonologists (D)
  4 demonic crawlers (D)
  A meliai (D)
  A hornet (D)
  A slime creature (D)
  Sigmund (D)
  2 redbacks (D)
  13 hogs (D)
  A yak (D)
  2 floating eyes (D)
  7 necrophages (D)
  An ogre (D)
  8 jellies (D)
  Ijyb (D)
  A ballistomycete (D)
61 creatures vanquished.

Vanquished Creatures (others)
  Tiamat (D)
  the Lernaean hydra (D)
  A golden dragon (D)
  A deep elf master archer (D)
  A daeva (D)
  3 fire giants (D)
  A deep elf annihilator (D)
  A lorocyproca (D)
  A mummy priest (D)
  A hydra (D)
  An oklob plant (D)
  8 shining eyes (D)
  A merfolk siren (D)
  A gargoyle (D)
  A hellwing (D)
  4 hornets (D)
  5 floating eyes (D)
  22 ball lightnings (D)
  2 ballistomycete spores (D)
57 creatures vanquished.

Grand Total: 118 creatures vanquished

Notes
Turn   | Place    | Note
-------+----------+-------------------------------------------
     0 | D        | equalderp2856 the Minotaur Fighter began the quest for the Orb.
     0 | D        | Reached XP level 1. HP: 19/19 MP: 0/0
     2 | D        | Noticed Ijyb
     8 | D        | Killed Ijyb
     8 | D        | Reached skill level 5 in Fighting
     8 | D        | Reached skill level 3 in Axes
     8 | D        | Reached skill level 5 in Armour
     8 | D        | Reached skill level 5 in Shields
     8 | D        | Reached XP level 2. HP: 20/29 MP: 1/1
    98 | D        | Noticed an ogre
   102 | D        | Killed an ogre
   102 | D        | Reached skill level 4 in Axes
   102 | D        | Reached XP level 3. HP: 38/38 MP: 2/2
   102 | D        | Reached XP level 4. HP: 45/45 MP: 3/3
   116 | D        | Noticed Sigmund
   124 | D        | Killed Sigmund
   124 | D        | Reached skill level 5 in Axes
   124 | D        | Reached XP level 5. HP: 22/56 MP: 4/4
   318 | D        | Found an ornate altar of the Wu Jian Council.
   318 | D        | Found a deep blue altar of Sif Muna.
   323 | D        | Found a radiant altar of Vehumet.
   328 | D        | Reached XP level 6. HP: 54/62 MP: 5/5
   383 | D        | Found Caesed's Jewellery Emporium.
   383 | D        | Found an ancient bone altar of Kikubaaqudgha.
   383 | D        | Found a hazy altar of Hepliaklqana.
   383 | D        | Found a stormy altar of Qazlal.
   383 | D        | Found a hide-covered altar of Uskayaw.
   383 | D        | Found a blossoming altar of Fedhas.
   383 | D        | Found a bloodstained altar of Trog.
   383 | D        | Found an iron altar of Okawaru.
   383 | D        | Found a basalt altar of Yredelemnul.
   383 | D        | Found a glowing golden altar of the Shining One.
   383 | D        | Found a snail-covered altar of Cheibriados.
   383 | D        | Found a sacrificial altar of Ru.
   383 | D        | Found a glowing silver altar of Zin.
   383 | D        | Found a shadowy altar of Dithmenos.
   383 | D        | Found a white marble altar of Elyvilon.
   383 | D        | Noticed a yak
   387 | D        | Killed a yak
   387 | D        | Reached skill level 6 in Axes
   387 | D        | Reached skill level 10 in Armour
   388 | D        | Found an opulent altar of Gozag.
   389 | D        | Found a sparkling altar of Nemelex Xobeh.
   422 | D        | Became a worshipper of Gozag Ym Sagoz the Greedy
   463 | D        | Noticed a centaur warrior
   463 | D        | Noticed a centaur warrior
   468 | D        | Found a burning altar of Makhleb.
   468 | D        | Found a viscous altar of Jiyva.
   468 | D        | Found a shimmering altar of Xom.
   468 | D        | Found a corrupted altar of Lugonu.
   468 | D        | Noticed a slime creature
   479 | D        | Killed a slime creature
   479 | D        | Reached skill level 10 in Fighting
   479 | D        | Reached skill level 7 in Axes
   479 | D        | Reached skill level 1 in Dodging
   479 | D        | Reached skill level 10 in Shields
   479 | D        | Reached XP level 7. HP: 41/72 MP: 6/6
   650 | D        | Killed a centaur warrior
   650 | D        | Reached skill level 9 in Axes
   650 | D        | Reached XP level 8. HP: 14/82 MP: 7/7
   657 | D        | Killed a centaur warrior
   657 | D        | Reached skill level 11 in Axes
   660 | D        | Noticed a hornet
   670 | D        | Killed a hornet
   670 | D        | Reached XP level 9. HP: 54/90 MP: 8/8
   673 | D        | Noticed an oklob plant
   683 | D        | Killed an oklob plant
   683 | D        | Reached skill level 12 in Axes
   697 | D        | Reached skill level 5 in Stealth
   739 | D        | Killed an unseen horror
   739 | D        | Reached skill level 13 in Axes
   982 | D        | Killed an unseen horror
  1120 | D        | Reached XP level 10. HP: 100/100 MP: 9/9
  1290 | D        | Reached skill level 14 in Axes
  1344 | D        | Found Huaqe's Book Shoppe.
  1345 | D        | Found Gozunan's Jewellery Shop.
  1345 | D        | Found Vewkuw's Magic Scroll Boutique.
  1415 | D        | Found Zuff's Jewellery Emporium.
  1415 | D        | Found Vueqeg's Weapon Shop.
  1415 | D        | Found Jaugoru's Gadget Shoppe.
  1415 | D        | Found Boplittu's Book Boutique.
  1415 | D        | Found Eddas's Gadget Emporium.
  1415 | D        | Found Saysk's Food Shop.
  1415 | D        | Found Yrhyviti's Assorted Antiques.
  1416 | D        | Found Zitay's Assorted Antiques.
  1417 | D        | Found Usoosat's Antique Armour Emporium.
  1417 | D        | Found Nuadal's Antique Weapon Boutique.
  1418 | D        | Found Tuiren's Gadget Emporium.
  1538 | D        | Paralysed by a floating eye for 4 turns
  1558 | D        | Reached skill level 15 in Axes
  2001 | D        | Reached skill level 5 in Dodging
  2254 | D        | Noticed a gargoyle
  2268 | D        | Killed a gargoyle
  2269 | D        | Killed a gargoyle
  2374 | D        | Noticed a lindwurm
  2380 | D        | Killed a lindwurm
  2434 | D        | Reached XP level 11. HP: 84/111 MP: 10/10
  2437 | D        | Reached skill level 16 in Axes
  2457 | D        | Reached skill level 15 in Shields
  2590 | D        | Noticed a daeva
  2596 | D        | Noticed an unseen horror
  2596 | D        | Noticed an unseen horror
  2597 | D        | Noticed an unseen horror
  2602 | D        | Killed an unseen horror
  2602 | D        | Reached skill level 15 in Fighting
  2606 | D        | Killed an unseen horror
  2614 | D        | Killed an unseen horror
  2736 | D        | Noticed an unseen horror
  2743 | D        | Killed an unseen horror
  2752 | D        | Noticed an unseen horror
  2764 | D        | Killed an unseen horror
  2764 | D        | Reached skill level 17 in Axes
  2784 | D        | Got a twisted hand axe
  2792 | D        | Identified the +3 hand axe of Qubry {chop, Int+6 SInv} (You found it in the Dungeon)
  2832 | D        | Noticed a lorocyproca
  3844 | D        | Noticed a fire giant
  3845 | D        | Killed a lorocyproca
  3984 | D        | Noticed a deep troll
  4124 | D        | Noticed Sonja
  4238 | D        | Killed Sonja
  4263 | D        | Killed a deep elf master archer
  4489 | D        | Killed a 12-headed hydra
  4589 | D        | Found Karufada's Armour Emporium.
  4861 | D        | Killed a deep troll
  4969 | D        | Bought a scroll of identify for 26 gold pieces
  4975 | D        | Bought a ration for 70 gold pieces
  4975 | D        | Bought a ration for 70 gold pieces
  4975 | D        | Bought a ration for 70 gold pieces
  4980 | D        | Bought a lamp of fire for 560 gold pieces
  4986 | D        | Bought a wand of digging (12) for 320 gold pieces
  5028 | D        | Bought an uncursed ring of protection from fire for 325 gold pieces
  5028 | D        | Bought a +2 amulet of reflection for 97 gold pieces
  5046 | D        | Bought a +1 hat for 110 gold pieces
  5046 | D        | Bought a +2 cloak for 165 gold pieces
  5056 | D        | Bought a +4 ring mail of magic resistance for 310 gold pieces
  5101 | D        | Bought a warped war axe for 161 gold pieces
  5101 | D        | Identified the cursed +2 war axe "Orb Guardian's Doom" {chop, rElec rPois MP-9 SInv} (You bought it in a shop in the Dungeon)
  5115 | D        | Bought a scroll of remove curse for 39 gold pieces
  5115 | D        | Bought a scroll of magic mapping for 45 gold pieces
  5181 | D        | Noticed a fire giant
  5208 | D        | Noticed Tiamat
  5297 | D        | Noticed a fire giant
  5414 | D        | Noticed a deep elf annihilator
  5415 | D        | Noticed the 27-headed Lernaean hydra
  5424 | D        | Killed a deep elf annihilator
  5566 | D        | Killed a fire giant
  5627 | D        | Noticed a mummy priest
  5631 | D        | Noticed an oklob plant
  5644 | D        | Noticed a soul eater
  5972 | D        | Noticed a golden dragon
  6249 | D        | Noticed a shadow dragon
  6317 | D        | Noticed a fire giant
  6349 | D        | Killed a golden dragon
  6437 | D        | Killed the 27-headed Lernaean hydra
  6724 | D        | Killed Tiamat
  6766 | D        | Noticed Lom Lobon
  7009 | D        | Noticed a flayed ghost
  7110 | D        | Killed a shining eye
  7112 | D        | Killed a shining eye
  7116 | D        | Killed a shining eye
  7150 | D        | Killed a shining eye
  7154 | D        | Killed a shining eye
  7158 | D        | Killed a shining eye
  7160 | D        | Killed a shining eye
  7222 | D        | Killed a mummy priest
  7226 | D        | Killed an oklob plant
  7265 | D        | Killed a shining eye
  7294 | D        | Killed a daeva
  7617 | D        | Identified the Compendium of Torrid Venom
  7903 | D        | Killed a fire giant
  8165 | D        | Killed from afar by Lom Lobon

Skill      XL: |  1  2  3  4  5  6  7  8  9 10 11 |
---------------+----------------------------------+-----
Fighting       | 5 6 8 10 11 12 14 16 | 16.0
Axes           | 3 4 5 7 9 11 13 15 17 | 17.2
Armour         | 5 7 9 10 11 12 13 14 | 14.3
Shields        | 5 7 8 9 10 11 12 13 14 16 | 16.4
Dodging        | 1 2 4 6 7 |  7.6
Stealth        | 2 4 7 8 |  8.5
Evocations     | |  0.1

Action                   |  1- 3 |  4- 6 |  7- 9 | 10-12 || total
-------------------------+-------+-------+-------+-------++-------
Melee: War axe           |     8 |    25 |    56 |   227 ||   316
       Headbutt          |     4 |     5 |    15 |    69 ||    93
       Hand axe          |       |       |       |    22 ||    22
Invok: Potion Petition   |       |       |     1 |     4 ||     5
       Bribe Branch      |       |       |       |     1 ||     1
Evoke: Wand              |       |       |       |     5 ||     5
       Lamp of fire      |       |       |       |     1 ||     1
  Use: Potion            |       |       |     2 |     3 ||     5
       Scroll            |       |       |       |     4 ||     4
 Stab: Invisible         |       |       |     7 |     1 ||     8
       Sleeping          |       |       |     3 |     1 ||     4
       Distracted        |       |       |       |     2 ||     2
  Eat: Ration            |       |       |       |     6 ||     6
Armor: Scale mail        |     1 |     2 |    14 |    57 ||    74
       Ring mail         |       |       |       |    37 ||    37
Dodge: Dodged            |     2 |     5 |    20 |    84 ||   111
Block: Shield            |     3 |    12 |    18 |   181 ||   214
